 Dungeon Crawl Stone Soup version 0.30-a0-879-ga8ba668304 (webtiles) character file.

Game seed: 16407495304328299051

421 cforsyth the Trooper (level 6, -3/51 HPs)
             Began as a Barachi Fighter on Mar 12, 2023.
             Was a Follower of Cheibriados.
             Slain by a black bear (5 damage)
             ... on level 4 of the Dungeon.
             The game lasted 00:05:31 (3800 turns).

cforsyth the Trooper (Barachi Fighter)              Turns: 3800, Time: 00:05:32

Health: -3/51      AC: 12    Str: 21    XL:     6   Next: 94%
Magic:  6/6        EV:  9    Int: 11    God:    Cheibriados [*.....]
Gold:   157        SH:  5    Dex: 13    Spells: 5/5 levels left

rFire   . . .      SeeInvis .    a - +0 war axe
rCold   . . .      Faith    .    c - +0 buckler
rNeg    . . .      Spirit   .    b - +0 scale mail
rPois   .          Reflect  .    (no helmet)
rElec   .          Rampage  .    l - +0 cloak
rCorr   .                        (no gloves)
Will    .....                    (no boots) Stlth
                                 (no amulet)
HPRegen 0.28/turn                n - +4 ring of protection
MPRegen 0.10/turn                (no ring)

@: very slow
A: amphibious, slowness 1, strong legs 1, +LOS
a: Hop, Renounce Religion, Bend Time


You were on level 4 of the Dungeon.
You worshipped Cheibriados.
Cheibriados was aware of your devotion.
You visited 2 branches of the dungeon, and saw 6 of its levels.

You collected 157 gold pieces.

Inventory:

Hand Weapons
 a - a +0 war axe (weapon)
Armour
 b - a +0 scale mail (worn)
 c - a +0 buckler (worn)
 l - a +0 cloak (worn)
Jewellery
 n - a +4 ring of protection (left hand)
 u - a ring of fire
Scrolls
 e - a scroll of fog {unknown}
 f - 2 scrolls of teleportation {unknown}
 g - 2 scrolls of torment {unknown}
 h - 4 scrolls of identify {unknown}
 i - a scroll of noise {unknown}
 k - 3 scrolls of vulnerability {unknown}
 s - a scroll of amnesia {unknown}
 t - a scroll of silence {unknown}
Potions
 d - 2 potions of might
 j - a potion of resistance {unknown}
 m - 2 potions of degeneration {unknown}
 o - a potion of curing {unknown}
 p - a potion of attraction {unknown}
 q - a potion of cancellation {unknown}
 r - a potion of lignification {unknown}
 v - a potion of berserk rage {unknown}


   Skills:
 + Level 5.5 Fighting
 + Level 4.3 Axes
 + Level 5.4 Armour
 + Level 5.0 Shields


You had 5 spell levels left.
You didn't know any spells.
Your spell library contained the following spells:

 Spells                   Type           Power      Damage    Failure   Level
 Slow                     Hex            0%         N/A       75%         1
 Sublimation of Blood     Necr           0%         N/A       87%         2
 Confusing Touch          Hex            0%         N/A       98%         3
 Vampiric Draining        Necr           0%         2d6       98%         3
 Petrify                  Tmut/Erth      0%         N/A       100%        4
 Irradiate                Conj/Tmut      0%         3d11      100%        5


Dungeon Overview and Level Annotations

Branches:
Dungeon (5/15)             Temple (1/1) D:4

Altars:
Ashenzari
Cheibriados
Elyvilon
Fedhas
Makhleb
Okawaru
Ru
Sif Muna
Trog
Vehumet
Xom
Yredelemnul
Zin
The Shining One


Innate Abilities, Weirdness & Mutations

You are amphibious.
You cover ground slowly.
You can hop short distances.
You have an extended range of vision and can be seen from far away.


Message History

The black bear is heavily wounded.
The black bear bites you. The black bear barely misses you.
You block the black bear's attack.
You hit the black bear.
The black bear is severely wounded.
The black bear goes berserk!
You barely miss the black bear.
The black bear is severely wounded.
The black bear bites you! The black bear claws you.
You block the black bear's attack. The black bear bites you.
The black bear barely misses you. The black bear claws you.
You hit the black bear.
The black bear is severely wounded.
You block the black bear's attack.
The black bear claws you but does no damage.
The black bear barely misses you.
The black bear bites you but does no damage.
The black bear claws you but does no damage. x2
You barely miss the black bear.
The black bear is severely wounded.
The black bear closely misses you. The black bear claws you. x2
* * * LOW HITPOINT WARNING * * *
The black bear bites you.
* * * LOW HITPOINT WARNING * * *
The black bear claws you.
* * * LOW HITPOINT WARNING * * *
You block the black bear's attack.
You hit the black bear.
The black bear is almost dead.
The black bear bites you but does no damage.
The black bear closely misses you.
The black bear claws you but does no damage.
The black bear bites you.
* * * LOW HITPOINT WARNING * * *
The black bear claws you but does no damage.
The black bear closely misses you.
You closely miss the black bear.
The black bear is almost dead.
The black bear bites you.
You die...

..#.....#>..#......).)..#
..#.....'...#...........#
###.....#...##..........#
#######...##.....##...#
#....##.....##...#
#................#
#................#
#..<.............#
#....##..@h.##...#
#######.....##...#
#.....#..........#
#.....'..........#
#.....#..........#
#.....#..........#
#..[..#..........#
#.....############
#######


You could see a black bear (berserk).

Vanquished Creatures
  A scorpion (D:5)
  A hound (D:4)
  A jelly (D:4)
  An orc priest (D:4)
  A sleepcap (D:5)
  2 iguanas (D:4)
  4 gnolls (D:4)
  6 adders
  A worm (D:3)
  A dart slug (D:1)
  11 orcs
  10 endoplasms
  2 giant cockroaches (D:2)
  3 goblins
  8 hobgoblins
  7 jackals
  8 kobolds
  6 quokkas
  6 ball pythons
  7 bats
  4 frilled lizards
  4 rats
95 creatures vanquished.

Notes
Turn   | Place    | Note
-------+----------+-------------------------------------------
     0 | D:1      | cforsyth the Barachi Fighter began the quest for the Orb.
     0 | D:1      | Reached XP level 1. HP: 18/18 MP: 1/1
   231 | D:1      | Reached XP level 2. HP: 22/25 MP: 2/2
   597 | D:1      | Reached XP level 3. HP: 30/30 MP: 3/3
   942 | D:2      | Found a shimmering blue altar of Sif Muna.
  1411 | D:2      | Reached XP level 4. HP: 34/37 MP: 4/4
  2229 | D:3      | Reached XP level 5. HP: 43/43 MP: 5/5
  2588 | D:4      | Found a staircase to the Ecumenical Temple.
  2603 | Temple   | Entered the Ecumenical Temple
  2672 | Temple   | Became a worshipper of Cheibriados the Contemplative
  2775 | D:4      | Reached skill level 5 in Fighting
  2778 | D:4      | Reached XP level 6. HP: 37/51 MP: 6/6
  2780 | D:4      | Reached skill level 5 in Armour
  2903 | D:4      | Found a bloodstained altar of Trog.
  3082 | D:4      | Reached * piety under Cheibriados
  3490 | D:5      | Entered Level 5 of the Dungeon
  3568 | D:5      | Reached skill level 5 in Shields
  3782 | D:5      | Noticed a black bear
  3799 | D:4      | HP: 2/51 [black bear (4)]
  3800 | D:4      | Slain by a black bear

Illustrated notes

Levels and vault maps discovered:
D:1:      minmay_arrival_up_and_down, layout_loops_ring, minmay_door_square
D:2:      layout_loops_cross, basic_altar
D:3:      layout_basic, kennysheep_generic_room_15
D:4:      minmay_angry_zag, layout_gridville, lemuel_crystal_altar,
          minmay_temple_entry_sparse_star
D:5:      layout_cave_pools, overflow_temple_1_default
Temple:   nicolae_temple_hex_pool

Skill      XL: |  1  2  3  4  5  6 |
---------------+-------------------+-----
Fighting       | 4 5 |  5.5
Armour         | 4 5 |  5.4
Axes           | 3 4 |  4.3
Shields        | 4 5 |  5.0

Action                     |  1- 3 |  4- 6 || total
---------------------------+-------+-------++-------
  Melee: War axe           |   113 |   205 ||   318
 Armour: Scale mail        |    59 |   126 ||   185
  Dodge: Dodged            |    50 |   109 ||   159
  Block: Buckler           |    30 |    55 ||    85

Table legend: (Time is in decaauts)
 A = Elapsed time spent in this place.
 B = Non-inter-level travel time spent in this place.
 C = Inter-level travel time spent in this place.
 D = Time resting spent in this place.
 E = Time spent auto-exploring this place.
 F = Levels seen in this place.
 G = Mean time per level.
                   A        B        C        D        E       F      G
               +--------+--------+--------+--------+--------+-----+--------+
         Total |   4602 |   4445 |    157 |    405 |   3196 |   6 |  767.0 |
       Dungeon |   4502 |   4362 |    140 |    405 |   3132 |   5 |  900.4 |
        Temple |    100 |     83 |     17 |      0 |     63 |   1 |  100.0 |
               +--------+--------+--------+--------+--------+-----+--------+

Top non-repeatable levels by time:
     D:4: 1356 daAuts
     D:1: 1118 daAuts
     D:3: 921 daAuts
     D:2: 787 daAuts
     D:5: 318 daAuts
  Temple: 100 daAuts
